 Dungeon Crawl Stone Soup version 0.26.0-10-g1f06aea511 (webtiles) character file.

Game seed: 13849342591392862674

8 Goblin1989 the Sneak (level 2, -6/24 HPs)
             Began as a Demonspawn Delver on Jan 30, 2021.
             Mangled by an ogre
             ... wielding a cursed -3 giant club
              (12 damage)
             ... on level 4 of the Dungeon.
             The game lasted 00:01:43 (270 turns).

Goblin1989 the Sneak (Demonspawn Delver)             Turns: 270, Time: 00:01:44

Health: -6/24      AC:  3    Str: 12    XL:     2   Next: 0%
Magic:  2/2        EV: 14    Int: 11    God:
Gold:   55         SH:  0    Dex: 14    Spells: 1/1 levels left

rFire    . . .     SeeInvis .   N - +0 quarterstaff
rCold    . . .     Faith    .   (shield currently unavailable)
rNeg     . . .     Spirit   .   b - +0 leather armour
rPois    .         Reflect  .   (no helmet)
rElec    .         Harm     .   (no cloak)
rCorr    .         Rampage  .   (no gloves)
Will     .....                  (no boots)
Stlth    +.........             (no amulet)
HPRegen  0.08/turn              (no ring)
MPRegen  0.08/turn              (no ring)

@: confused
A: repulsion field 1
a: no special abilities


You were on level 4 of the Dungeon.
You visited 1 branch of the dungeon, and saw 2 of its levels.

You collected 55 gold pieces.

Inventory:

Hand Weapons
 a - a +0 mace
 N - a +0 quarterstaff (weapon)
Armour
 b - a +0 leather armour (worn)
Wands
 g - a wand of digging (3) {@v1}
Scrolls
 c - a scroll of fog
 M - a scroll of magic mapping
Potions
 f - 2 potions of haste {@q3,}
 O - a potion of heal wounds {unknown}


   Skills:
 - Level 3.0 Fighting
 - Level 2.0(2.2) Maces & Flails
 + Level 1.2(1.8) Staves
 - Level 1.7 Dodging
 - Level 4.5 Stealth


You had one spell level left.
You didn't know any spells.
Your spell library was empty.

Dungeon Overview and Level Annotations

Branches:
Dungeon (5/15)
 Temple: D:4-7

Altars:


Innate Abilities, Weirdness & Mutations

You are surrounded by a mild repulsion field. (EV +2)


Message History

You start resting.
HP restored.
Health restored: 18 You see here a +0 whip.
An orc priest comes into view. It is wielding a +0 whip.
Found a cyan potion.
You see here a +0 whip.
Found 13 gold pieces.
You now have 13 gold pieces.
Found a stone staircase leading up.
There is a stone staircase leading up here.
You can't go down here!
You climb upwards.
Found a bubbling red potion, a robe, a potion of haste and 30 gold pieces.
There is a stone staircase leading down here.
O - a bubbling red potion
Found 12 gold pieces.
f - 2 potions of haste {@q3,} (gained 1)
You now have 29 gold pieces (gained 16).
Found a scroll labelled BEKEORRY QIANIYG.
You now have 43 gold pieces (gained 14).
You now have 55 gold pieces (gained 12).
An adder skeleton comes into view.
Found a stone staircase leading down.
A ball python comes into view.
Found a scroll labelled OMIPSE GOZA.
Found a mace.
The helpless adder skeleton fails to defend itself.
You sock the adder skeleton!
The adder skeleton is heavily damaged.
The adder skeleton bites you. The adder skeleton closely misses you.
You take 1 damage, and have 17/18 hp.
You barely miss the adder skeleton.
The adder skeleton is heavily damaged.
The adder skeleton closely misses you.
You thump the adder skeleton!
You destroy the adder skeleton!
The ball python barely misses you. The ball python grabs you.
The ball python constricts you.
You see here a scroll labelled BEKEORRY QIANIYG.
You closely miss the ball python.
An orc comes into view. It is wielding a +0 short sword.
The ball python barely misses you. The ball python constricts you.
The ball python closely misses you. The ball python constricts you.
You closely miss the ball python.
The ball python bites you but does no damage.
The ball python constricts you.
You take 1 damage, and have 16/18 hp.
You hit the ball python.
The ball python is severely wounded.
The ball python barely misses you. The ball python constricts you.
You hit the ball python.
You kill the ball python!
Your Staves skill increases to level 1!
Unknown command.
You thump the orc!
You kill the orc!
An orc comes into view. It is wielding a +0 club.
You have reached level 2!
Your demonic ancestry asserts itself...
You begin to radiate repulsive energy.
You regained 6 hp, and now have 23/24 hp.
MP restored: 2 An orc wizard comes into view.
It is wielding a +0 flail.
You open the door.
An ogre comes into view. It is wielding a -3 giant club.
There is an open door here.
The orc shouts!
The ogre shouts!
You hear a shout!
As you read the scroll of fear, it crumbles to dust.
You assume a fearsome visage.
The ogre looks frightened!
The orc looks frightened!
Health restored: 24 An ogre opens the door.
There is an open door here.
An orc opens the door.
The ogre cowers, then darts away.
The orc wizard gestures at you while chanting.
The puff of flame misses you.
There is a stone staircase leading down here.
The ogre seems to regain its courage.
The orc wizard hits you with a +0 flail!
You take 8 damage, and have 16/24 hp.
MASSIVE DAMAGE!!
The orc wizard hits you with a +0 flail.
You take 4 damage, and have 12/24 hp.
The orc wizard points at you and mumbles some strange words.
The puff of flame hits you.
* * * LOW HITPOINT WARNING * * *
You take 6 damage, and have 6/24 hp.
MASSIVE DAMAGE!!
The orc wizard gestures at itself while chanting.
The orc wizard flickers and vanishes!
Deactivating autopickup; reactivate with Ctrl-A.
You are confused.
Something unseen opens the door.
The ogre barely misses you.
You hit the ogre.
The ogre is lightly wounded.
The ogre hits you with a cursed -3 giant club!
Ouch! That really hurt!
You die...

......∆.?.o..█ ..
...█......█
█████████∆███∆██).....█
█.......o.......███████
█...............∆.....█
█...............█.....█
█...............█..O..█
█......O........████∆██
█......@..............█
█.....................█
....█████████..........█
.... █..........█ ...
█.>..███████ .
█████....█ █.....[..█
█........█ █........█


You could see an ogre and an orc.

Vanquished Creatures
  An adder skeleton (D:4)
  2 orcs
  A ball python (D:4)
4 creatures vanquished.

Notes
Turn   | Place    | Note
-------+----------+-------------------------------------------
     0 | D:5      | Goblin1989 the Demonspawn Delver began the quest for the
                  | Orb.
     0 | D:5      | Reached XP level 1. HP: 18/18 MP: 1/1
   117 | D:5      | Noticed an orc priest
   230 | D:4      | Reached skill level 1 in Staves
   239 | D:4      | Gained mutation: You are surrounded by a mild repulsion
                  | field. (EV +2) [demonic ancestry]
   239 | D:4      | Reached XP level 2. HP: 23/24 MP: 2/2
   245 | D:4      | Noticed an ogre
   270 | D:4      | Mangled by an ogre

Illustrated notes

Levels and vault maps discovered:
D:4:      layout_gridville, kiku_gazebo_pond_becter,
          minmay_temple_entry_butterflies, grunt_decor_arrowhead, uniq_pikel
D:5:      layout_basic

Skill      XL: |  1 |
---------------+----+-----
Maces & Flails | 2 |  2.0
Staves         | 1 |  1.2
Fighting       | |  3.0
Dodging        | |  1.7
Stealth        | |  4.5

Action                   || total
-------------------------++-------
Melee: Quarterstaff      ||    13
  Use: Scroll            ||     1
 Stab: Sleeping          ||     1
Armor: Leather armour    ||     1
Dodge: Dodged            ||    12
